 Dungeon Crawl Stone Soup version 0.25-a0-98-g0cf78c2f83 (webtiles) character file.

Game seed: 6986046991073141629, levelgen mode: deterministic

605905 mortelune the Slayer (level 26, -15/207 HPs)
             Began as a Demonspawn Monk on Nov 13, 2019.
             Was the Champion of Makhleb.
             Demolished by an Orb Guardian (48 damage)
             ... on level 5 of the Realm of Zot.
             The game lasted 04:28:17 (79814 turns).

mortelune the Slayer (Demonspawn Monk)             Turns: 79814, Time: 04:28:18

Health: -15/207    AC: 41    Str: 27 (28) XL:     26   Next: 62%
Magic:  32/32      EV: 20    Int: 17      God:    Makhleb [******]
Gold:   3403       SH: 19    Dex: 25      Spells: 23/25 levels left

rFire    + + .     SeeInvis +   a - +9 demon blade (freeze)
rCold    + . .     Gourm    .   Z - +3 shield of Onuirgh {Int+5}
rNeg     + . .     Faith    .   B - +7 gold dragon scales
rPois    +         Spirit   .   (helmet unavailable)
rElec    .         Reflect  .   d - scarf {cloud immunity}
rCorr    .         Harm     .   E - +2 pair of gloves {Dex+3}
MR       +....     Rnd*Rage +   y - +2 pair of boots {run}
Stlth    ..........             P - amulet of Discretion {Regen+ Slay+3}
HPRegen  0.00/turn              W - ring of protection from fire
MPRegen  0.23/turn              x - ring of Sunlight {Dex+4 SInv}

@: mighty, about to teleport, berserk cooldown, slowed, studying 2 skills, very
slow
A: antennae 3, hooves 1, molten scales 2, agile 1, berserk 1, deterioration 1,
dopey 1, frail 1, low mp 1, mutation resistance 1, negative energy resistance 1,
powered by pain 3, inhibited regeneration, spiny 3, 50% torment resistance,
strong 1, wild magic 1, black mark
}: 3/15 runes: decaying, slimy, gossamer
a: Minor Destruction, Lesser Servant of Makhleb, Major Destruction, Greater
Servant of Makhleb, Renounce Religion


You were on level 5 of the Realm of Zot.
You worshipped Makhleb.
Makhleb was exalted by your worship.
You were not hungry.

You visited 12 branches of the dungeon, and saw 57 of its levels.
You visited 1 bazaar.

You collected 8183 gold pieces.
You spent 4780 gold pieces at shops.

Inventory:

Hand Weapons
 a - a +9 demon blade of freezing (weapon)
 b - the +10 hand crossbow of the Pillar {velocity, rElec rC+ MR+}
   (You bought it in a shop on level 2 of the Orcish Mines)

   Any bolt fired from it inflicts extra damage.
   It protects you from cold.
   It insulates you from electricity.
   It affects your resistance to hostile enchantments.
 j - the +8 battleaxe "Anoisug" {venom, +Rage rF+ MR+++ Int-2}
   (You bought it in a shop on level 2 of the Orcish Mines)

   It poisons the flesh of those it strikes.
   It affects your intelligence (-2).
   It protects you from fire.
   It affects your resistance to hostile enchantments.
   It lets you go berserk.
Missiles
 s - 1428 bolts
 I - 17 javelins (quivered)
Armour
 d - a scarf of cloud immunity (worn)
 y - a +2 pair of boots of running (worn)
 B - +7 gold dragon scales (worn)
 E - a +2 pair of gloves of dexterity (worn)
 K - a +2 cloak of magic resistance
 Z - the +3 shield of Onuirgh (worn) {Int+5}
   (You found it on level 2 of the Vaults)

   It affects your intelligence (+5).
Jewellery
 q - an uncursed ring of resist corrosion
 r - a +6 ring of dexterity
 x - the ring of Sunlight (right hand) {Dex+4 SInv}
   (You found it on level 9 of the Dungeon)

   [ring of see invisible]

   It affects your dexterity (+4).
   It lets you see invisible.
 L - the ring of Uthur {rElec rN+}
   (You found it on level 3 of the Crypt)

   [ring of positive energy]

   It insulates you from electricity.
   It protects you from negative energy.
 P - the amulet of Discretion (around neck) {Regen+ Slay+3}
   (You found it on level 3 of the Crypt)

   [amulet of regeneration]

   It affects your accuracy and damage with ranged weapons and melee attacks
   (+3).
   It increases your rate of regeneration.
 W - a ring of protection from fire (left hand)
Wands
 g - a wand of clouds (12)
 G - a wand of acid (59)
 S - a wand of digging (14)
Scrolls
 e - 18 scrolls of remove curse
 k - 7 scrolls of identify
 l - 6 scrolls of blinking
 o - 9 scrolls of magic mapping
 t - 7 scrolls of fog
 v - 7 scrolls of fear
 z - 2 scrolls of silence
 C - 2 scrolls of enchant weapon
 J - 4 scrolls of immolation
 M - 23 scrolls of teleportation
 R - a scroll of summoning
 Y - a scroll of amnesia
Potions
 f - 10 potions of brilliance
 h - 4 potions of heal wounds
 i - 4 potions of invisibility
 m - 13 potions of curing
 n - 5 potions of haste
 A - 3 potions of magic
 D - 2 potions of cancellation
 F - 5 potions of might
 H - 5 potions of ambrosia
 O - 3 potions of agility
 Q - 6 potions of berserk rage
 T - 2 potions of flight
 X - 4 potions of resistance
Books
 w - a manual of Short Blades
 V - a manual of Summonings
Comestibles
 c - 75 rations


   Skills:
 + Level 23.9 Fighting
 - Level 10.0(12.6) Short Blades
 - Level 12.7(14.0) Long Blades
 - Level 10.0 Crossbows
 + Level 20.5 Armour
 + Level 18.4 Dodging
 - Level 1.7 Stealth
 - Level 15.0 Shields
 - Level 18.0 Invocations


You had 23 spell levels left.
You knew the following spells:

 Your Spells              Type           Power        Failure   Level  Hunger
a - Blink                 Tloc           N/A          99%         2    ###....

Your spell library contained the following spells:

 Spells                   Type           Power        Failure   Level  Hunger
 Animate Skeleton         Necr           N/A          97%         1    ##.....
 Apportation              Tloc           #.....       97%         1    ##.....
 Beastly Appendage        Tmut           #.....       97%         1    ##.....
 Confusing Touch          Hex            #.....       97%         1    ##.....
 Corona                   Hex            #......      97%         1    ##.....
 Flame Tongue             Conj/Fire      #....        97%         1    ##.....
 Freeze                   Ice            #...         97%         1    ##.....
 Magic Dart               Conj           #...         97%         1    ##.....
 Pain                     Necr           #...         97%         1    ##.....
 Shock                    Conj/Air       #...         97%         1    ##.....
 Sting                    Conj/Pois      #...         97%         1    ##.....
 Summon Butterflies       Summ           #.......     97%         1    ##.....
 Summon Small Mammal      Summ           #...         97%         1    ##.....
 Call Imp                 Summ           #.......     99%         2    ###....
 Corpse Rot               Necr           N/A          99%         2    ###....
 Ensorcelled Hibernation  Hex/Ice        #.....       99%         2    ###....
 Shroud of Golubria       Chrm/Tloc      #.....       99%         2    ###....
 Slow                     Hex            #.......     99%         2    ###....
 Sticks to Snakes         Tmut           #.......     99%         2    ###....
 Swiftness                Chrm/Air       #.......     99%         2    ###....
 Throw Flame              Conj/Fire      #.....       99%         2    ###....
 Throw Frost              Conj/Ice       #.....       99%         2    ###....
 Call Canine Familiar     Summ           #.......     100%        3    ####...
 Confuse                  Hex            #.......     100%        3    ####...
 Conjure Flame            Conj/Fire      #.......     100%        3    ####...
 Dazzling Spray           Conj/Hex       #.....       100%        3    ####...
 Gell's Gravitas          Tloc           #.........   100%        3    ####...
 Ignite Poison            Fire/Tmut/Pois #.......     100%        3    ####...
 Inner Flame              Hex/Fire       #.......     100%        3    ####...
 Lesser Beckoning         Tloc           #.........   100%        3    ####...
 Mephitic Cloud           Conj/Pois/Air  #.......     100%        3    ####...
 Ozocubu's Armour         Chrm/Ice       #.......     100%        3    ####...
 Recall                   Summ/Tloc      N/A          100%        3    ####...
 Regeneration             Chrm/Necr      #.........   100%        3    ####...
 Spider Form              Tmut/Pois      #.........   100%        3    ####...
 Static Discharge         Conj/Air       #.......     100%        3    ####...
 Stone Arrow              Conj/Erth      #.....       100%        3    ####...
 Summon Guardian Golem    Hex/Summ       #.......     100%        3    ####...
 Teleport Other           Tloc           #.......     100%        3    ####...
 Tukima's Dance           Hex            #.......     100%        3    ####...
 Vampiric Draining        Necr           #.........   100%        3    ####...
 Airstrike                Air            #.........   100%        4    #####..
 Animate Dead             Necr           N/A          100%        4    #####..
 Ice Form                 Ice/Tmut       #.......     100%        4    #####..
 Leda's Liquefaction      Hex/Erth       #.........   100%        4    #####..
 Passage of Golubria      Tloc           N/A          100%        4    #####..
 Sticky Flame             Conj/Fire      #.......     100%        4    #####..
 Summon Ice Beast         Ice/Summ       #.......     100%        4    #####..
 Summon Lightning Spire   Summ/Air       #.......     100%        4    #####..
 Throw Icicle             Conj/Ice       #.......     100%        4    #####..
 Aura of Abjuration       Summ           #.........   100%        5    ######.
 Blade Hands              Tmut           #.........   100%        5    ######.
 Bolt of Magma            Conj/Fire/Erth #.........   100%        5    ######.
 Borgnjor's Vile Clutch   Necr/Erth      #.........   100%        5    ######.
 Fireball                 Conj/Fire      #.........   100%        5    ######.
 Irradiate                Conj/Tmut      #.........   100%        5    ######.
 Lightning Bolt           Conj/Air       #.........   100%        5    ######.
 Metabolic Englaciation   Hex/Ice        #.........   100%        5    ######.
 Silence                  Hex/Air        #.........   100%        5    ######.
 Summon Demon             Summ           #.........   100%        5    ######.
 Summon Forest            Summ/Tloc      #.........   100%        5    ######.
 Summon Mana Viper        Hex/Summ       #.......     100%        5    ######.
 Bolt of Cold             Conj/Ice       #.........   100%        6    #######
 Bolt of Fire             Conj/Fire      #.........   100%        6    #######
 Conjure Ball Lightning   Conj/Air       #.........   100%        6    #######
 Death Channel            Necr           #.........   100%        6    #######
 Deflect Missiles         Chrm/Air       #.........   100%        6    #######
 Freezing Cloud           Conj/Ice/Air   #.........   100%        6    #######
 Hydra Form               Tmut           #.........   100%        6    #######
 Iron Shot                Conj/Erth      #.........   100%        6    #######
 Ozocubu's Refrigeration  Ice            #.........   100%        6    #######
 Shadow Creatures         Summ           N/A          100%        6    #######
 Simulacrum               Ice/Necr       #.........   100%        6    #######
 Statue Form              Tmut/Erth      #........    100%        6    #######
 Dragon Form              Tmut           #.........   100%        7    #######
 Malign Gateway           Summ/Tloc      #.........   100%        7    #######
 Ring of Flames           Chrm/Fire      #.........   100%        7    #######
 Summon Hydra             Summ           #.........   100%        7    #######
 Ignition                 Fire           #.........   100%        8    #######
 Shatter                  Erth           #.........   100%        9    #######
 Tornado                  Air            #.........   100%        9    #######


Dungeon Overview and Level Annotations

Branches:
Dungeon (15/15)            Temple (1/1) D:6            Lair (6/6) D:8
  Swamp (4/4) Lair:2       Spider (4/4) Lair:3        Slime (5/5) Lair:5
    Orc (2/2) D:11            Elf (3/3) Orc:2        Vaults (4/5) D:13
  Crypt (3/3) Vaults:3       Tomb (0/3) Crypt:3      Depths (5/5) D:15
    Zot (5/5) Depths:5

Altars:
Ashenzari
Cheibriados
Dithmenos
Elyvilon
Fedhas
Gozag
Hepliaklqana
Kikubaaqudgha
Makhleb
Nemelex Xobeh
Okawaru
Qazlal
Ru
Sif Muna
Trog
Uskayaw
Vehumet
Wu Jian
Xom
Yredelemnul
Zin
The Shining One
Beogh
Jiyva

Shops:
D:8 [   D:10 *   D:11 }[   Orc:2 %[(*%   Elf:2 !   Vaults:1 [   Vaults:3 :
Vaults:4 %:

Portals:
Hell: Depths:1 Depths:2 Depths:3 Depths:4 Depths:5
Abyss: Depths:1 Depths:2 Depths:4 Depths:5
Pandemonium: Depths:1 Depths:3 Depths:4
Ziggurat: Depths:2

Annotations:
D:3 1 runed translucent door, Crazy Yiuf
D:4 1 exclusion
Lair:4 2 transporters, Qiclaph's ghost, journeyman MiBe
Zot:3 1 runed translucent door, grouchysmurf's ghost, legendary HOBe


Innate Abilities, Weirdness & Mutations

You have a pair of large antennae on your head. (SInv)
You are mostly covered in molten scales. (AC +3)
You resist negative energy. (rN+)
You are powered by pain.
You are completely covered in sharp spines.
You are somewhat able to resist unholy torments (1 in 2 success).
Your melee attacks may debilitate your foes.
You have large cloven feet.
You are agile. (Dex +2)
You tend to lose your temper in combat.
Your body sometimes deteriorates upon taking damage.
You are dopey. (Int -2)
You are frail. (-10% HP)
Your magical capacity is low. (-10% MP)
You are somewhat resistant to further mutation.
You do not regenerate when monsters are visible.
Your muscles are strong. (Str +2)
Your spells are a little harder to cast, but a little more powerful.


Message History

As you read the scroll of teleportation, it crumbles to dust.
You feel strangely unstable.
You feel the Orb delaying your translocation!
The swamp drake disappears in a puff of smoke!
The Orb Guardian looks more energetic.
The Orb Guardian hits you!!
* * * LOW HITPOINT WARNING * * *
Your body deteriorates!
You feel weakened.
You focus on the pain.
You feel mightier all of a sudden.
The Killer Klown blinks!
You block the Orb Guardian's attack. The Orb Guardian completely misses you.
You feel much better.
The Orb Guardian is no longer weakened.
The Orb Guardian completely misses you.
The Orb Guardian is struck by your spines.
The Orb Guardian hits you.
* * * LOW HITPOINT WARNING * * *
The black draconian stormcaller mumbles some strange prayers to Qazlal.
The Orb Guardian is struck by your spines.
The Orb Guardian hits you!!!
You die...

...####................##
##...# ..##
##...##..######...##
##... .## ##...###..#
##...## ##.. ## ##...##
#))# ##...## ##. #
##...## #..##### ##...##
#. # #...## ##......##
##...# #⌠ # #..##
##........## ##..# #. #
#..# ##...##)....## #..#
#. # #..# #...###@##...#
#..# #. # #.(# #..##
#X###..# #..# #. ####▓▓▓
########X########▓▓▓▓ ##
...## #....{kXqq{{{...#
....## ##....{kXX{{k..##
.....## #....kkydp....#
......# ##.....).k...##
....^.# #.........§.#
.^....# ##...^.......##


You could see a Killer Klown, a black draconian, 2 draconians, 5 Orb Guardians,
2 death drakes, a moth of wrath and 2 swamp drakes.

Vanquished Creatures
  the Royal Jelly (Slime:5)
  3 ancient liches
  6 orbs of fire
  Sojobo (Crypt:2)
  4 Killer Klowns (Zot:5)
  Saint Roka (Depths:1)
  4 curse toes
  4 golden dragons
  2 bone dragons (Depths:5)
  3 electric golems
  24 tentacled monstrosities
  6 liches
  Rupert (Vaults:3)
  5 quicksilver dragons
  20 Orb Guardians (Zot:5)
  A deep elf blademaster (Elf:3)
  An ancient champion (Vaults:3)
  9 acid blobs
  3 deep elf master archers (Elf:3)
  2 sphinxes
  6 death cobs
  4 tengu reavers
  3 thorn hunters
  10 storm dragons
  4 revenants
  4 shadow dragons
  2 draconian monks (Zot:4)
  4 azure jellies
  6 fire giants
  2 orc warlords (Orc:1)
  6 vault wardens
  4 deep elf sorcerers
  3 frost giants
  6 draconian knights
  4 draconian scorchers
  4 ghost moths
  3 deep elf elementalists (Elf:3)
  3 draconian shifters
  2 curse skulls
  A draconian stormcaller (Zot:3)
  An iron dragon (Depths:5)
  6 emperor scorpions
  11 stone giants
  2 ghouls (Vaults:3)
  6 ironheart preservers
  6 caustic shrike skeletons (Depths:2)
  3 war gargoyles (Crypt:3)
  11 very ugly things
  4 draconian annihilators
  4 entropy weavers
  2 spriggan defenders (Depths:2)
  6 green draconians
  3 vampire knights
  12 black draconians
  2 dire elephants
  6 yellow draconians
  Azrael (Elf:2)
  A spark wasp (Depths:3)
  6 deep elf annihilators (Elf:3)
  2 deep elf demonologists
  3 white draconians
  5 red draconians
  3 ettins
  11 purple draconians
  2 deep elf death magi
  4 eidola
  A jiangshi (Crypt:1)
  A death ooze (Slime:5)
  10 great orbs of eyes
  3 deep elf high priests
  11 yaktaur captains
  11 fire dragons
  16 hydras
  13 ogre magi
  4 vault guards
  5 rakshasas
  Erolcha (D:9)
  9 ice dragons
  7 spriggan air magi
  2 ghost crabs (Swamp:3)
  3 death knights
  26 dancing weapons
  5 catoblepae
  11 centaur warriors
  35 two-headed ogres
  An anaconda (shapeshifter) (Depths:5)
  7 alligators
  16 death yaks
  2 shambling mangroves
  2 orc high priests
  A queen ant (Spider:1)
  4 vampire magi
  6 deep troll shamans
  4 deep troll earth magi
  11 tengu warriors
  Urug (D:12)
  9 spriggan berserkers
  16 hell knights
  14 deep elf knights
  An iron troll (Depths:5)
  2 titan skeletons
  8 skeletal warriors
  A shadow wraith (Crypt:2)
  A fire crab (Swamp:4)
  11 flayed ghosts
  9 spriggan druids
  8 deep trolls
  5 wizards
  5 swamp dragons
  A shadow demon (Depths:4)
  5 glowing orange brains
  3 lindwurms
  11 phantasmal warriors
  8 deep elf archers
  3 unseen horrors
  15 ironbrand convokers
  7 necromancers
  45 deep elf magi
  A harpy (shapeshifter) (Depths:5)
  17 orc knights
  24 wolf spiders
  2 oklob plants (Lair:3)
  7 orc sorcerers
  5 harpies
  57 ugly things
  6 elephants
  2 shining eyes
  29 moths of wrath
  A frost giant zombie (Depths:3)
  13 orb spiders
  6 manticores
  6 cyclopes
  10 fire giant skeletons (Crypt:3)
  An iron dragon skeleton (Crypt:1)
  A smoke demon (Depths:4)
  2 salamanders (shapeshifter) (Vaults:4)
  3 frost giant skeletons
  4 black mambas
  A titan simulacrum (Depths:3)
  A black mamba (shapeshifter) (Vaults:3)
  A guardian serpent (shapeshifter) (Vaults:3)
  13 spiny frogs
  Psyche (D:8)
  2 eyes of devastation (Slime:3)
  A storm dragon simulacrum (Vaults:3)
  An emperor scorpion zombie (Crypt:2)
  An orange demon (Depths:4)
  19 vault sentinels
  A dire elephant skeleton (Crypt:1)
  Joseph (D:7)
  5 gargoyles
  3 rime drakes
  A rime drake (shapeshifter) (Vaults:2)
  3 kobold demonologists (D:13)
  3 komodo dragons
  2 efreet
  A komodo dragon (shapeshifter) (Vaults:4)
  10 demonic crawlers
  6 freezing wraiths
  38 yaktaurs
  2 guardian mummies (Crypt:3)
  A red devil (Depths:4)
  A swamp worm zombie (Crypt:1)
  12 trolls
  A minotaur skeleton (Crypt:2)
  A yellow draconian skeleton (Crypt:1)
  11 tengu conjurers
  16 jumping spiders
  The ghost of viperstalker the Skirmisher, an amateur CeFi (D:4)
  A wind drake (shapeshifter) (Depths:3)
  A queen bee (D:12)
  A merfolk (D:15)
  9 tyrant leeches
  2 tengu simulacra (Depths:3)
  16 blink frogs (Lair:6)
  2 meliai (shapeshifter)
  2 spectral guardian serpents (Crypt:1)
  30 hornets
  10 hippogriffs
  3 bog bodies
  An iron troll skeleton (Crypt:1)
  66 slime creatures
  A stone giant simulacrum (Vaults:3)
  An ice dragon zombie (Crypt:2)
  2 fire giant simulacra
  75 redbacks
  A black mamba zombie (Crypt:1)
  4 flying skulls (Crypt:1)
  2 ettin skeletons
  A meliai zombie (D:12)
  44 spriggans
  A vampire (D:11)
  10 shadows
  2 air elementals
  7 fire dragon skeletons (Crypt:3)
  A redback (shapeshifter) (Elf:1)
  13 water elementals
  A spriggan (shapeshifter) (Depths:1)
  Eustachio (D:4)
  10 wraiths
  2 yaks (shapeshifter)
  54 yaks
  5 wyverns
  7 basilisks
  8 fire bats
  21 tarantellas
  7 fire elementals (Elf:2)
  2 golden eyes (Slime:3)
  A neqoxec (Depths:4)
  A tyrant leech zombie (Crypt:2)
  Grum (D:9)
  2 hogs (D:12)
  18 vampire mosquitoes
  4 hungry ghosts (Crypt:3)
  Menkaure (D:4)
  A steam dragon (Swamp:4)
  18 swamp worms
  12 wargs
  A swamp worm (shapeshifter) (Depths:5)
  A monstrous demonspawn zombie (Crypt:1)
  5 acid dragons
  6 insubstantial wisps (Swamp:4)
  8 water moccasins
  4 hell hounds
  6 soldier ants
  8 porcupines
  A floating eye (Slime:5)
  A merfolk skeleton (Crypt:2)
  Duvessa (D:4)
  59 orc warriors
  A spiny frog skeleton (Crypt:2)
  5 ice beasts
  20 swamp drakes
  4 eyes of draining
  2 necrophages
  A black bear (D:10)
  A snapping turtle zombie (Crypt:2)
  43 ogres
  3 sky beasts
  5 phantoms
  3 wolves (D:9)
  6 boggarts
  5 centaurs
  A tengu (shapeshifter) (Vaults:3)
  15 crocodiles
  Blork the orc (D:4)
  2 big kobolds (D:9)
  15 bullfrogs
  5 earth elementals
  Dowan (D:4)
  A wyvern skeleton (D:10)
  A scorpion (D:13)
  42 killer bees
  9 wights
  2 electric eels
  2 howler monkeys
  A troll skeleton (Crypt:1)
  5 crimson imps
  2 bullfrog zombies
  2 quasits
  3 centaur zombies
  A human simulacrum (Vaults:1)
  12 jellies
  27 orc priests
  3 bullfrog skeletons
  12 hounds
  33 orc wizards
  3 centaur skeletons
  Ijyb (D:4)
  6 iguanas
  2 polar bear simulacra (Lair:2)
  35 worker ants
  2 yak simulacra (Lair:2)
  6 wolf simulacra (Lair:2)
  A centaur simulacrum (D:9)
  A crocodile zombie (Crypt:2)
  An acid dragon skeleton (Crypt:1)
  3 hound zombies
  3 mummies (Crypt:3)
  2 howler monkey zombies (D:8)
  11 gnolls
  2 howler monkey skeletons
  24 adders
  5 shadow imps
  2 white imps
  6 oozes
  An adder skeleton (D:6)
  2 adder zombies
  An iguana skeleton (Crypt:1)
  12 worms
  A dart slug (D:1)
  9 leopard geckos
  107 orcs
  11 bats
  11 giant cockroaches
  6 goblins
  6 hobgoblins
  25 jackals
  6 quokkas
  A ball python (D:2)
  10 frilled lizards
  A goblin skeleton (Crypt:2)
  10 kobolds
  A kobold zombie (Crypt:2)
  A leopard gecko skeleton (D:6)
  6 rats
  A river rat simulacrum (Lair:2)
  3 fungi
  2 plants
  A withered plant (Crypt:3)
2315 creatures vanquished.

Vanquished Creatures (collateral kills)
  The ghost of Konwih the Slayer, a veteran FoFi of Vehumet (Crypt:1)
  Frederick (Depths:5)
  Bai Suzhen (Spider:4)
  Margery (Vaults:2)
  A Killer Klown (Zot:5)
  Nikola (Spider:2)
  the Enchantress (Depths:2)
  A lich (Depths:4)
  Jorgrun (Elf:1)
  A deep elf blademaster (Elf:3)
  4 acid blobs
  2 sphinxes (Crypt:3)
  Agnes (Spider:2)
  A tengu reaver (Crypt:2)
  Kirke (D:12)
  An iron dragon (Depths:4)
  An azure jelly (Slime:5)
  2 deep elf sorcerers (Elf:3)
  Louise (Depths:1)
  2 frost giants
  2 vault wardens
  A fire giant (Vaults:3)
  2 emperor scorpions
  3 spriggan defenders
  An entropy weaver (Spider:3)
  2 vampire knights (Vaults:3)
  2 deep elf demonologists (Elf:3)
  3 deep elf annihilators
  A purple draconian (Zot:3)
  A spark wasp (Spider:2)
  A deep elf death mage (Elf:3)
  5 death oozes (Slime:5)
  A great orb of eyes (Depths:3)
  An ice dragon (Depths:5)
  A ghost crab (Swamp:4)
  3 dancing weapons (Elf:2)
  A death knight (Crypt:1)
  2 two-headed ogres
  A deep troll shaman (Depths:5)
  2 deep troll earth magi (Depths:3)
  A titan skeleton (Crypt:3)
  A hell knight (Depths:3)
  3 wizards
  2 deep trolls (Depths:5)
  An anaconda skeleton (Crypt:3)
  A spriggan druid (Swamp:3)
  A necromancer (Vaults:2)
  An orc knight (Vaults:1)
  An oklob plant (Lair:3)
  3 ugly things
  2 shining eyes
  5 deep elf magi
  2 orc sorcerers
  A wolf spider (Spider:2)
  A manticore (Lair:4)
  2 moths of wrath
  A frost giant skeleton (Crypt:3)
  A komodo dragon (D:11)
  4 yaktaurs
  9 swamp worm zombies (Crypt:1)
  A tengu conjurer (Depths:1)
  2 guardian mummies (Crypt:3)
  7 jumping spiders
  A harpy skeleton (Crypt:3)
  2 tyrant leeches (Swamp:4)
  3 hornets (Swamp:3)
  3 slime creatures (Slime:4)
  A bog body (Swamp:2)
  A fire dragon skeleton (Crypt:3)
  2 shadows
  4 tarantellas (Spider:2)
  6 redbacks
  3 spriggans (Swamp:3)
  A water elemental (Elf:3)
  An ice dragon skeleton (Crypt:3)
  4 yaks
  A hog (D:12)
  3 fire elementals (Depths:4)
  8 swamp worms
  A soldier ant (Spider:1)
  A porcupine (Lair:1)
  A swamp drake (Swamp:2)
  4 orc warriors
  2 ogres
  An orc priest (D:11)
  A worker ant (D:9)
  A mummy (Crypt:3)
  A white imp (Depths:1)
  An orc (D:12)
  A jackal (D:11)
  A briar patch (Swamp:2)
  3 crawling corpses (Elf:3)
178 creatures vanquished.

Vanquished Creatures (others)
  A curse toe (Zot:4)
  Asterion (Vaults:2)
  An unseen horror (D:15)
  A swamp dragon (Swamp:4)
  A lindwurm (Swamp:4)
  An orc knight (Vaults:2)
  A slime creature (Swamp:3)
  A human (D:12)
  A steam dragon (Swamp:4)
  4 swamp drakes (Swamp:4)
  3 boggarts
  An orc priest (Orc:2)
  A briar patch (Swamp:2)
  3 bushes
  13 fungi
  16 plants
50 creatures vanquished.

Grand Total: 2543 creatures vanquished

Notes
Turn   | Place    | Note
-------+----------+-------------------------------------------
     0 | D:1      | mortelune the Demonspawn Monk began the quest for the Orb.
     0 | D:1      | Reached XP level 1. HP: 18/18 MP: 1/1
   226 | D:1      | Gained mutation: You are partially covered in molten
                  | scales. (AC +2) [demonic ancestry]
   226 | D:1      | Reached XP level 2. HP: 24/24 MP: 2/2
   906 | D:1      | Reached XP level 3. HP: 4/29 MP: 3/3
  1396 | D:1      | Reached skill level 1 in Armour
  1460 | D:2      | Reached XP level 4. HP: 33/35 MP: 4/4
  1895 | D:2      | Found an opulent altar of Gozag.
  2165 | D:3      | Found a basalt altar of Yredelemnul.
  2689 | D:3      | Gained mutation: You are partially covered in sharp spines.
                  | [demonic ancestry]
  2689 | D:3      | Reached XP level 5. HP: 31/42 MP: 5/5
  3322 | D:3      | Found a runed translucent door.
  3323 | D:3      | Noticed Crazy Yiuf
  3350 | D:4      | Noticed a phantom
  3551 | D:4      | Reached skill level 4 in Fighting
  3581 | D:4      | Noticed Duvessa
  3646 | D:3      | Killed a phantom
  3646 | D:3      | Reached XP level 6. HP: 39/48 MP: 6/6
  3704 | D:4      | Reached skill level 5 in Long Blades
  3749 | D:4      | Found an ornate altar of the Wu Jian Council.
  3760 | D:4      | Noticed Menkaure
  3762 | D:4      | Noticed Ijyb
  3778 | D:4      | Killed Menkaure
  4121 | D:4      | Killed Duvessa
  4121 | D:4      | Gained mutation: You sometimes gain a little power by
                  | taking damage. [demonic ancestry]
  4121 | D:4      | Reached XP level 7. HP: 36/55 MP: 7/7
  4255 | D:4      | You fall into a shaft and drop 1 floor!
  4255 | D:5      | Entered Level 5 of the Dungeon
  4271 | D:5      | Got a twisted robe
  4282 | D:5      | Identified the +1 robe "Zuiz" {rElec Str+3} (You found it
                  | on level 5 of the Dungeon)
  4383 | D:5      | Found a stormy altar of Qazlal.
  4636 | D:5      | Reached skill level 5 in Fighting
  4786 | D:5      | Got an encrusted spear
  4796 | D:5      | Identified the +4 spear of Ibifunom {freeze, *Contam
                  | *Corrode Dex+6 SInv} (You found it on level 5 of the
                  | Dungeon)
  4870 | D:5      | Gained mutation: You are clumsy. (Dex -2) [mutagenic glow]
  5291 | D:5      | Found a shimmering blue altar of Sif Muna.
  5502 | D:5      | Got an ichor-stained chain mail
  5513 | D:5      | Identified the cursed +0 chain mail "Ronke" {rPois} (You
                  | found it on level 5 of the Dungeon)
  5653 | D:5      | Gained mutation: You sometimes gain power by taking damage.
                  | [demonic ancestry]
  5653 | D:5      | Reached XP level 8. HP: 55/63 MP: 8/8
  6179 | D:4      | Found a blossoming altar of Fedhas.
  6222 | D:4      | Found a transporter.
  6223 | D:4      | Noticed viperstalker's ghost (amateur CeFi)
  6224 | D:4      | Identified the +10 great mace of the Eight Souls {freeze,
                  | rF+ rC+ Str+4}
  6230 | D:4      | Noticed Blork the orc
  6256 | D:4      | Killed Blork the orc
  6396 | D:4      | Found a transporter.
  6500 | D:4      | Noticed Dowan
  6512 | D:4      | Killed Dowan
  6557 | D:4      | Found a sparkling altar of Nemelex Xobeh.
  6579 | D:4      | Noticed Eustachio
  6670 | D:4      | Killed Eustachio
  6670 | D:4      | Reached skill level 6 in Fighting
  6713 | D:4      | Killed Ijyb
  7170 | D:6      | Found a staircase to the Ecumenical Temple.
  7190 | Temple   | Entered the Ecumenical Temple
  7305 | Temple   | Became a worshipper of Makhleb the Destroyer
  7305 | Temple   | Reached * piety under Makhleb
  7305 | Temple   | Reached ** piety under Makhleb
  7423 | D:5      | HP: 1/64 [wyvern (11)]
  7424 | D:5      | Reached skill level 1 in Invocations
  7716 | D:6      | Gained mutation: You are mostly covered in molten scales.
                  | (AC +3) [demonic ancestry]
  7716 | D:6      | Reached XP level 9. HP: 17/71 MP: 10/10
  7989 | D:6      | Reached skill level 5 in Armour
  8034 | D:6      | Found an ancient bone altar of Kikubaaqudgha.
  8214 | D:6      | Found a white marble altar of Elyvilon.
  8720 | D:7      | Noticed Joseph
  8736 | D:7      | Killed Joseph
  8815 | D:6      | Reached skill level 7 in Fighting
  8874 | D:7      | Found a sacrificial altar of Ru.
  9625 | D:7      | Got a shimmering short sword
  9626 | D:7      | Identified the +9 short sword of the Poles {pierce, Str+5}
                  | (You found it on level 7 of the Dungeon)
 10217 | D:8      | Noticed a two-headed ogre
 10245 | D:8      | Killed a two-headed ogre
 10245 | D:8      | Reached skill level 5 in Invocations
 10245 | D:8      | Reached XP level 10. HP: 43/79 MP: 12/14
 10526 | D:8      | Found a staircase to the Lair.
 10586 | D:8      | Reached *** piety under Makhleb
 10615 | D:8      | Noticed a two-headed ogre
 10622 | D:8      | Killed a two-headed ogre
 10800 | D:8      | Found Kipt's Antique Armour Emporium.
 10811 | D:8      | Bought a fine leather armour for 161 gold pieces
 10822 | D:8      | Identified the +1 leather armour of the City {rF+} (You
                  | bought it in a shop on level 8 of the Dungeon)
 10895 | D:8      | Noticed Psyche
 10916 | D:8      | Killed Psyche
 10916 | D:8      | Reached skill level 8 in Fighting
 10916 | D:8      | Reached skill level 10 in Long Blades
 11300 | D:8      | Found a sparkling altar of Nemelex Xobeh.
 11600 | D:9      | Noticed a wizard
 11837 | D:9      | Reached **** piety under Makhleb
 11850 | D:9      | Gained mutation: You are mostly covered in sharp spines.
                  | [demonic ancestry]
 11850 | D:9      | Reached XP level 11. HP: 85/86 MP: 16/16
 11863 | D:9      | Got a ripped robe
 12190 | D:9      | Got a vibrating tin ring
 12201 | D:9      | Found a stormy altar of Qazlal.
 12348 | D:9      | Noticed Erolcha
 12357 | D:9      | Killed Erolcha
 12488 | D:9      | Paralysed by a wizard for 6 turns
 12490 | D:9      | Killed a wizard
 12593 | D:9      | Identified the +1 robe of the Gate {-Cast rPois rN+ Int+4}
                  | (You found it on level 9 of the Dungeon)
 12668 | D:9      | Reached skill level 9 in Fighting
 12756 | D:9      | Noticed Grum
 12777 | D:9      | Killed Grum
 12777 | D:9      | Reached skill level 1 in Short Blades
 12866 | D:9      | Noticed a deep elf mage
 12881 | D:9      | Killed a deep elf mage
 13308 | D:9      | Got a scorched dagger
 13309 | D:9      | Identified the +1 dagger of Wrath {venom, rF+} (You found
                  | it on level 9 of the Dungeon)
 13338 | D:10     | Entered Level 10 of the Dungeon
 13734 | D:10     | Identified the ring of Sunlight {Dex+4 SInv} (You found it
                  | on level 9 of the Dungeon)
 13790 | D:10     | Found Xump's General Store.
 13801 | D:10     | Bought a wand of clouds (3) for 294 gold pieces
 14132 | D:11     | Noticed a cyan ugly thing
 14140 | D:11     | Killed a cyan ugly thing
 14324 | D:11     | Noticed a two-headed ogre
 14330 | D:11     | Killed a two-headed ogre
 14415 | D:11     | Found Qibborgh's Gadget Shop.
 14435 | D:11     | Found Nuyj's Armour Boutique.
 14437 | D:11     | Found a staircase to the Orcish Mines.
 14684 | D:11     | Bought a phantom mirror for 480 gold pieces
 15178 | D:11     | Noticed a deep elf mage
 15180 | D:11     | Killed a deep elf mage
 15180 | D:11     | Reached XP level 12. HP: 96/96 MP: 19/19
 15183 | D:11     | Got a transparent pewter ring
 15185 | D:11     | Identified the ring "Maext" {Ice Dex+3} (You found it on
                  | level 11 of the Dungeon)
 15314 | Lair:1   | Entered Level 1 of the Lair of Beasts
 15364 | Lair:1   | Reached skill level 5 in Short Blades
 15367 | Lair:1   | Reached ***** piety under Makhleb
 15711 | Lair:1   | Reached skill level 10 in Fighting
 15713 | Lair:1   | Reached skill level 10 in Invocations
 16278 | Lair:2   | Found a staircase to the Swamp.
 16928 | Lair:2   | You fall into a shaft and drop 1 floor!
 16987 | Lair:3   | Found a hole to the Spider Nest.
 18761 | Lair:4   | Noticed a catoblepas
 18761 | Lair:4   | Noticed a catoblepas
 18919 | Lair:4   | Killed a catoblepas
 18922 | Lair:4   | Killed a catoblepas
 18922 | Lair:4   | Gained mutation: You have a pair of small antennae on your
                  | head. [demonic ancestry]
 18922 | Lair:4   | Reached XP level 13. HP: 47/104 MP: 20/20
 19158 | Lair:4   | Reached skill level 11 in Fighting
 19168 | Lair:4   | Gained mutation: You have a pair of antennae on your head.
                  | [a neqoxec]
 19380 | Lair:4   | Found a transporter.
 19383 | Lair:4   | Noticed Qiclaph's ghost (journeyman MiBe)
 19383 | Lair:4   | Found a transporter.
 19387 | Lair:4   | You fall into a shaft and drop 2 floors!
 19387 | Lair:6   | Entered Level 6 of the Lair of Beasts
 19559 | Lair:6   | Reached skill level 10 in Armour
 20191 | Lair:4   | Reached skill level 10 in Short Blades
 20726 | Lair:5   | Found a runed translucent door.
 20726 | Lair:5   | Found a viscous altar of Jiyva.
 20734 | Lair:5   | Found a staircase to the Slime Pits.
 20924 | Lair:5   | Identified a scroll of acquirement
 21058 | Lair:5   | Reached skill level 1 in Shields
 21697 | Lair:6   | Reached skill level 12 in Fighting
 21992 | Lair:6   | Mutation became permanent: You have a pair of small
                  | antennae on your head. [demonic ancestry]
 21992 | Lair:6   | Gained mutation: You have a pair of antennae on your head.
                  | [demonic ancestry]
 21992 | Lair:6   | Reached XP level 14. HP: 87/114 MP: 22/22
 21997 | Lair:6   | Lost mutation: You are clumsy. (Dex -2) [potion of
                  | mutation]
 21997 | Lair:6   | Gained mutation: You are dopey. (Int -2) [potion of
                  | mutation]
 21997 | Lair:6   | Gained mutation: Scrolls take you a little longer to read.
                  | [potion of mutation]
 21997 | Lair:6   | Gained mutation: You possess an exceptional clarity of
                  | mind. [potion of mutation]
 21998 | Lair:6   | Lost mutation: You possess an exceptional clarity of mind.
                  | [potion of mutation]
 21998 | Lair:6   | Lost mutation: Scrolls take you a little longer to read.
                  | [potion of mutation]
 21998 | Lair:6   | Gained mutation: Your spells are a little harder to cast,
                  | but a little more powerful. [potion of mutation]
 21998 | Lair:6   | Gained mutation: Your muscles are strong. (Str +2) [potion
                  | of mutation]
 23005 | Orc:1    | Entered Level 1 of the Orcish Mines
 23104 | Orc:1    | Noticed an orc warlord
 23135 | Orc:1    | Killed an orc warlord
 23508 | Orc:2    | Entered Level 2 of the Orcish Mines
 23515 | Orc:2    | Reached skill level 13 in Fighting
 23563 | Orc:2    | Noticed an orc warlord
 23602 | Orc:1    | Killed an orc warlord
 23989 | Orc:2    | Found a roughly hewn altar of Beogh.
 24082 | Orc:2    | Found a staircase to the Elven Halls.
 24131 | Orc:2    | Reached ****** piety under Makhleb
 24258 | Orc:2    | Found Houlaodof's General Store.
 24258 | Orc:2    | Found Mexkesuv's Antique Armour Emporium.
 24259 | Orc:2    | Found Retwafon's Weapon Emporium.
 24262 | Orc:2    | Found Doameog's Food Shoppe.
 24333 | Orc:2    | Bought the +10 hand crossbow of the Pillar {velocity, rElec
                  | rC+ MR+} for 981 gold pieces
 24373 | Orc:2    | Found Gaapsyit's Food Emporium.
 25124 | D:4      | Killed viperstalker's ghost
 25759 | D:12     | Reached skill level 1 in Crossbows
 25910 | D:12     | Noticed Kirke
 25924 | D:12     | Killed Kirke
 26039 | D:12     | Noticed Urug
 26052 | D:12     | Killed Urug
 26773 | D:13     | Gained mutation: You have a pair of large antennae on your
                  | head. (SInv) [demonic ancestry]
 26773 | D:13     | Reached XP level 15. HP: 124/124 MP: 25/25
 26938 | D:13     | Found a gate to the Vaults.
 27863 | D:14     | Reached skill level 14 in Fighting
 28530 | D:14     | Paralysed by a crimson imp for 7 turns
 28889 | D:15     | Entered Level 15 of the Dungeon
 29190 | D:15     | Reached skill level 5 in Crossbows
 29595 | D:15     | Found a staircase to the Depths.
 30062 | Swamp:1  | Entered Level 1 of the Swamp
 30947 | D:10     | Bought the +6 plate armour of Xohamp Byxt {+Fly rElec rC+}
                  | for 1065 gold pieces
 31453 | Swamp:2  | Reached skill level 15 in Invocations
 31668 | Swamp:2  | Noticed a thorn hunter
 31697 | Swamp:2  | Killed a thorn hunter
 32274 | Swamp:3  | Reached XP level 16. HP: 133/133 MP: 27/27
 32416 | Swamp:3  | Noticed a thorn hunter
 32424 | Swamp:3  | Killed a thorn hunter
 32657 | Swamp:3  | Paralysed by a hornet for 1 turns
 33176 | Swamp:3  | Noticed a thorn hunter
 33205 | Swamp:3  | Killed a thorn hunter
 33376 | Swamp:4  | Entered Level 4 of the Swamp
 33387 | Swamp:3  | Reached skill level 15 in Fighting
 34851 | Swamp:4  | Got a decaying rune of Zot
 35115 | Spider:1 | Entered Level 1 of the Spider Nest
 35695 | Spider:1 | HP: 3/135 [disintegration (45)]
 36663 | Spider:1 | Gained mutation: You resist negative energy. (rN+) [demonic
                  | ancestry]
 36663 | Spider:1 | Reached XP level 17. HP: 110/143 MP: 29/29
 37794 | Spider:2 | Noticed Nikola
 37811 | Spider:2 | Killed Nikola
 38175 | Spider:2 | Paralysed by a hornet for 1 turns
 38915 | Spider:2 | Noticed Agnes
 38927 | Spider:2 | Killed Agnes
 38935 | Spider:2 | Reached skill level 16 in Fighting
 39625 | Spider:3 | Reached skill level 10 in Crossbows
 40775 | Spider:3 | Identified the cursed +1 leather armour "Vycewn" {rElec
                  | rF+} (You found it on level 3 of the Spider Nest)
 40796 | Spider:4 | Entered Level 4 of the Spider Nest
 42513 | Spider:4 | Got a gossamer rune of Zot
 42690 | Spider:4 | Noticed Bai Suzhen
 42712 | Spider:4 | Killed Bai Suzhen
 43268 | Vaults:1 | Entered Level 1 of the Vaults
 43747 | Vaults:1 | Found Wena's Antique Armour Shop.
 43948 | Vaults:1 | Reached XP level 18. HP: 153/153 MP: 31/31
 44015 | Vaults:1 | Noticed a Tzitzimitl
 44017 | Vaults:1 | Reached skill level 5 in Dodging
 44351 | Vaults:1 | Reached skill level 17 in Fighting
 44938 | Vaults:1 | Identified the +0 robe of Duck's Teeth {MR- Regen+ Str+6
                  | Slay+2} (You found it on level 1 of the Vaults)
 45203 | Vaults:2 | Noticed Margery
 45331 | Vaults:2 | Killed Margery
 45543 | Vaults:2 | Identified the +3 shield of Onuirgh {Int+5}
 45543 | Vaults:2 | Noticed Asterion
 45560 | Vaults:2 | Paralysed by a hornet for 2 turns
 46165 | Vaults:2 | Killed Asterion
 46718 | Vaults:2 | Got a twisted chain mail
 46730 | Vaults:2 | Identified the +3 chain mail "Jes Onea" {Str+4 Int+5
                  | Slay+3} (You found it on level 2 of the Vaults)
 47862 | Vaults:2 | Reached skill level 5 in Shields
 47873 | Vaults:1 | Gained mutation: You are completely covered in sharp
                  | spines. [demonic ancestry]
 47873 | Vaults:1 | Reached XP level 19. HP: 79/162 MP: 18/32
 49389 | Vaults:3 | Found a staircase to the Crypt.
 49401 | Vaults:3 | Reached skill level 18 in Fighting
 49963 | Vaults:3 | Found Ruck's Book Shop.
 50666 | Vaults:3 | Noticed Rupert
 50666 | Vaults:3 | Paralysed by a vampire knight for 3 turns
 50675 | Vaults:3 | Killed Rupert
 51636 | Vaults:4 | Found Wyirph Wuth's Food Shoppe.
 52034 | Vaults:4 | Found Ger Iruyczi's Book Shoppe.
 52070 | Vaults:4 | Reached skill level 10 in Dodging
 52190 | Vaults:4 | Gained mutation: You are somewhat able to resist unholy
                  | torments (1 in 2 success). [demonic ancestry]
 52190 | Vaults:4 | Reached XP level 20. HP: 172/172 MP: 33/33
 52247 | Vaults:4 | Paralysed by a great orb of eyes for 2 turns
 53078 | Depths:1 | Entered Level 1 of the Depths
 53097 | Depths:1 | Found a gateway to Hell.
 53112 | Depths:1 | Found a flickering gateway to a bazaar.
 53117 | Depths:1 | Found a one-way gate to the infinite horrors of the Abyss.
 53117 | Depths:1 | Noticed Louise
 53121 | Bazaar   | Entered a bazaar
 53134 | Bazaar   | Found Itoojiy's Distillery.
 53134 | Bazaar   | Found Tiazo's Book Shoppe.
 53170 | Bazaar   | Found Deusosak's Weapon Emporium.
 53170 | Bazaar   | Found Meuromeno's General Store.
 53222 | Bazaar   | Bought a potion of magic for 136 gold pieces
 53222 | Bazaar   | Bought a potion of agility for 68 gold pieces
 53222 | Bazaar   | Bought a potion of curing for 51 gold pieces
 53222 | Bazaar   | Bought a potion of heal wounds for 85 gold pieces
 53222 | Bazaar   | Bought a potion of curing for 51 gold pieces
 53834 | Depths:1 | Paralysed by a sphinx for 2 turns
 53942 | Depths:1 | Killed Louise
 54089 | Depths:1 | Found a one-way gate leading to the halls of Pandemonium.
 54230 | Depths:1 | Noticed Saint Roka
 54674 | Depths:1 | Killed Saint Roka
 55719 | Depths:2 | Reached skill level 19 in Fighting
 55804 | Depths:2 | Reached skill level 15 in Armour
 56250 | Depths:2 | Found a bloodstained altar of Trog.
 56646 | Depths:2 | Noticed the Enchantress
 56668 | Depths:2 | Identified the cursed +3 giant club of the Rat {flame,
                  | Dex+6}
 56668 | Depths:2 | Identified the +6 giant club of Valuable Assets {flame,
                  | *Noise *Slow rN+ Dex+9}
 56670 | Depths:2 | Killed the Enchantress
 56746 | Depths:2 | Reached XP level 21. HP: 142/180 MP: 34/34
 56764 | Depths:2 | Found a gateway to a ziggurat.
 57038 | Depths:2 | Reached skill level 10 in Shields
 57220 | Depths:2 | Identified the +0 robe of Jentigin {rF+ rN++ Dex+4 SInv}
 59044 | Depths:3 | Noticed a golden dragon
 59071 | Depths:3 | Killed a golden dragon
 59641 | Depths:4 | Paralysed by a vampire knight for 2 turns
 59792 | Depths:4 | Gained mutation: You are agile. (Dex +2) [a neqoxec]
 60220 | Depths:5 | Entered Level 5 of the Depths
 60362 | Depths:5 | Reached skill level 20 in Fighting
 60419 | Depths:5 | Gained mutation: You are powered by pain. [demonic
                  | ancestry]
 60419 | Depths:5 | Reached XP level 22. HP: 170/190 MP: 35/35
 60812 | Depths:5 | Noticed Frederick
 60822 | Depths:5 | Killed Frederick
 61200 | Depths:5 | Found the +8 Wrath of Trog {antimagic, *Rage}
 61472 | Depths:5 | Found a gate to the Realm of Zot.
 61939 | Depths:5 | Learned a level 2 spell: Blink
 62237 | Orc:2    | Bought the +8 battleaxe "Anoisug" {venom, +Rage rF+ MR+++
                  | Int-2} for 1156 gold pieces
 62851 | Elf:1    | Entered Level 1 of the Elven Halls
 62990 | Elf:1    | Noticed Jorgrun
 62998 | Elf:1    | Killed Jorgrun
 63385 | Elf:1    | Identified the Almanac of the Entourage
 63932 | Elf:2    | Found Rilit's Distillery.
 63955 | Elf:2    | Bought a potion of haste for 140 gold pieces
 63955 | Elf:2    | Bought a potion of mutation for 112 gold pieces
 64155 | Elf:2    | Noticed Azrael
 64169 | Elf:2    | Killed Azrael
 64287 | Elf:2    | Found a huge runed translucent gate.
 64287 | Elf:2    | Found a huge runed translucent gate.
 64288 | Elf:2    | Found a huge runed translucent gate.
 64400 | Elf:2    | Found a huge runed translucent gate.
 64400 | Elf:2    | Found a huge runed translucent gate.
 65052 | Elf:3    | Entered Level 3 of the Elven Halls
 65726 | Elf:3    | Identified the cursed +3 spear of Hoqodenn {holy, rC++}
 65732 | Elf:3    | Gained mutation: Your melee attacks may debilitate your
                  | foes. [demonic ancestry]
 65732 | Elf:3    | Reached XP level 23. HP: 174/198 MP: 36/36
 65794 | Elf:3    | Identified the cursed +0 spear of Indomitability {pierce,
                  | +Rage Int+4}
 65800 | Elf:3    | Identified the amulet "Faluphoo" {Faith Str+4 Dex-2 Stlth+}
 65816 | Elf:3    | Identified the +5 scale mail of Light {rPois SInv}
 66041 | Elf:3    | Identified the +4 quarterstaff "Veran" {freeze, rElec
                  | Str+2}
 66141 | Elf:3    | Identified the cursed +1 scimitar "Orb Guardian's Regret"
                  | {protect, *Slow rPois Str+6 Stlth+}
 66207 | Elf:3    | Identified the ring "Taqekhlis" {Ice rPois Str-5 Dex+2
                  | Stlth+} (You found it on level 3 of the Elven Halls)
 66244 | Elf:3    | Identified the amulet of Gexovoon {RegenMP Dex+5} (You
                  | found it on level 3 of the Elven Halls)
 66292 | Elf:3    | Identified the +4 plate armour "Parhal" {Int+7} (You found
                  | it on level 3 of the Elven Halls)
 66312 | Elf:3    | Identified a +2 pair of boots of running (You found it on
                  | level 3 of the Elven Halls)
 66543 | Elf:3    | Identified the +3 ring mail of Agnosticism {rPois Int+5
                  | Slay-6 Stlth+} (You found it on level 3 of the Elven Halls)
 67033 | Crypt:1  | Entered Level 1 of the Crypt
 67453 | Crypt:1  | Found a runed translucent door.
 67463 | Crypt:1  | Noticed Konwih's ghost (veteran FoFi)
 67488 | Crypt:1  | Killed Konwih's ghost
 67938 | Crypt:1  | Reached skill level 21 in Fighting
 68552 | Crypt:2  | Noticed Sojobo
 68593 | Crypt:2  | Killed Sojobo
 69180 | Crypt:3  | Entered Level 3 of the Crypt
 70012 | Crypt:3  | Identified the +8 shortbow "Saec Qar" {venom, rC+ rN+} (You
                  | found it on level 3 of the Crypt)
 70253 | Crypt:3  | Found a staircase to the Tomb.
 70255 | Crypt:3  | Paralysed by a lich for 3 turns
 70396 | Crypt:3  | Found an ancient bone altar of Kikubaaqudgha.
 70423 | Crypt:3  | Paralysed by a lich for 5 turns
 70458 | Crypt:3  | Found the +8 demon blade "Bloodbane" {slice, *Rage +Rage
                  | Stlth-}
 70471 | Crypt:3  | Got a warped amethyst amulet
 70471 | Crypt:3  | Got a flickering platinum ring
 70472 | Crypt:3  | Identified the amulet of Discretion {Regen+ Slay+3} (You
                  | found it on level 3 of the Crypt)
 70473 | Crypt:3  | Got a shimmering ivory ring
 70478 | Crypt:3  | Identified the ring of Uthur {rElec rN+} (You found it on
                  | level 3 of the Crypt)
 70480 | Crypt:3  | Identified the ring of the Oligarchy {rN+ Str+2} (You found
                  | it on level 3 of the Crypt)
 70523 | Crypt:3  | Noticed an ancient lich
 70545 | Crypt:3  | Killed an ancient lich
 70920 | Crypt:3  | Got a pair of ancient boots
 70931 | Crypt:3  | Identified the cursed +0 pair of boots of Disguise {Str+4}
                  | (You found it on level 3 of the Crypt)
 71004 | Crypt:3  | Reached skill level 15 in Dodging
 71532 | Slime:1  | Entered Level 1 of the Pits of Slime
 71727 | Slime:3  | Gained mutation: You do not regenerate when monsters are
                  | visible. [a shining eye]
 71730 | Slime:3  | Gained mutation: You are frail. (-10% HP) [a shining eye]
 71844 | Slime:4  | Reached XP level 24. HP: 166/187 MP: 36/36
 71967 | Slime:5  | Entered Level 5 of the Pits of Slime
 72224 | Slime:5  | Found a viscous altar of Jiyva.
 72226 | Slime:5  | Noticed the Royal Jelly
 72253 | Slime:5  | Killed the Royal Jelly
 72329 | Slime:5  | Identified the Handbook of Ignition and Toxins
 72335 | Slime:5  | Got a slimy rune of Zot
 72337 | Slime:5  | Got a fine silver ring
 72339 | Slime:5  | Identified the ring of Moral Flaws {Wiz rPois Str-2 Int+2}
                  | (You found it on level 5 of the Pits of Slime)
 72390 | Slime:5  | Gained mutation: Scrolls take you a little longer to read.
                  | [a shining eye]
 72392 | Slime:5  | Gained mutation: Your body sometimes deteriorates upon
                  | taking damage. [a shining eye]
 72439 | Slime:5  | Identified the Disquisition on the Torrid Voyage
 73213 | Depths:5 | Lost mutation: You are agile. (Dex +2) [potion of mutation]
 73213 | Depths:5 | Lost mutation: You do not regenerate when monsters are
                  | visible. [potion of mutation]
 73213 | Depths:5 | Gained mutation: Your muscles are very strong. (Str +4)
                  | [potion of mutation]
 73213 | Depths:5 | Gained mutation: You do not regenerate when monsters are
                  | visible. [potion of mutation]
 73213 | Depths:5 | Lost mutation: Your muscles are very strong. (Str +4)
                  | [potion of mutation]
 73213 | Depths:5 | Gained mutation: You are agile. (Dex +2) [potion of
                  | mutation]
 73214 | Depths:5 | Lost mutation: You are dopey. (Int -2) [potion of mutation]
 73214 | Depths:5 | Lost mutation: Scrolls take you a little longer to read.
                  | [potion of mutation]
 73214 | Depths:5 | Lost mutation: You are frail. (-10% HP) [potion of
                  | mutation]
 73214 | Depths:5 | Gained mutation: You have large cloven feet. [potion of
                  | mutation]
 73214 | Depths:5 | Gained mutation: You are somewhat resistant to further
                  | mutation. [potion of mutation]
 73218 | Zot:1    | Entered Level 1 of the Realm of Zot
 74286 | Zot:2    | Reached skill level 22 in Fighting
 74395 | Zot:2    | Reached skill level 15 in Shields
 75047 | Zot:3    | Found a runed translucent door.
 75048 | Zot:3    | Found a shimmering altar of Xom.
 75048 | Zot:3    | Noticed grouchysmurf's ghost (legendary HOBe)
 75048 | Zot:3    | Identified the +5 battleaxe "Trog's Indignation" {chaos,
                  | *Noise rF+ MR+ Str+4}
 75389 | Zot:3    | Reached XP level 25. HP: 208/217 MP: 36/36
 76947 | Zot:4    | Noticed an orb of fire
 76972 | Zot:4    | Killed an orb of fire
 77676 | Zot:5    | Entered Level 5 of the Realm of Zot
 78226 | Zot:5    | Reached skill level 23 in Fighting
 78365 | Zot:5    | Noticed an ancient lich
 78367 | Zot:5    | Noticed a Killer Klown
 78388 | Zot:5    | Killed an ancient lich
 78409 | Zot:5    | Killed a Killer Klown
 78417 | Zot:5    | Noticed an orb of fire
 78431 | Zot:5    | Gained mutation: You are frail. (-10% HP) [an orb of fire]
 78432 | Zot:5    | Gained mutation: You tend to lose your temper in combat.
                  | [an orb of fire]
 78616 | Zot:5    | Killed an orb of fire
 78672 | Zot:5    | Reached XP level 26. HP: 206/206 MP: 36/36
 78719 | Zot:5    | Noticed an orb of fire
 78739 | Zot:5    | Killed an orb of fire
 79265 | Zot:5    | Noticed an ancient lich
 79268 | Zot:5    | Noticed an orb of fire
 79269 | Zot:5    | Noticed an orb of fire
 79282 | Zot:5    | Noticed an orb of fire
 79286 | Zot:5    | Killed an ancient lich
 79299 | Zot:5    | Gained mutation: You are dopey. (Int -2) [an orb of fire]
 79315 | Zot:5    | Gained mutation: Your magical capacity is low. (-10% MP)
                  | [an orb of fire]
 79336 | Zot:5    | Killed an orb of fire
 79349 | Zot:5    | Killed an orb of fire
 79501 | Zot:5    | Killed an orb of fire
 79814 | Zot:5    | Demolished by an Orb Guardian

Levels and vault maps discovered:
D:1:      wander_arrival_peaceful_grave, layout_basic, minmay_pentomino_q4
D:2:      layout_rooms, grunt_gozag_statues
D:3:      layout_basic, yredelemnul_altar_generic, first_ration,
          uniq_crazy_yiuf_cottage
D:4:      layout_loops_ring, fedhas_altar_fruit_tree, overflow_temple_1_default,
          gammafunk_ghost_smash, nemelex_spade_bored_becter, uniq_eustachio,
          uniq_ijyb, uniq_duvessa, uniq_blork_the_orc, uniq_menkaure
D:5:      layout_loops_cross, led_sif_book, nicolae_overflow_crystal_walls
D:6:      layout_cave_pools, elyvilon_altar_4, kiku_gazebo_pond_becter,
          minmay_temple_entry_ruins, minmay_fractal_squares_gapless_5
D:7:      layout_cave_pods, nicolae_ru_sacrificial_ziggurat, serial_glass,
          glass_columns_c, glass_columns_b, uniq_joseph
D:8:      layout_layer_cave, marbit_many_paths, lair_entry_dummy,
          kennysheep_small_circle, uniq_psyche
D:9:      minmay_the_grid_square_5x5_4x4 [minmay_the_grid_square_5x5_shrine1,
          minmay_the_grid_square_5x5_checkered_sparse,
          minmay_the_grid_square_5x5_moneybag, minmay_the_grid_square_5x5_seven,
          minmay_the_grid_square_5x5_eight,
          minmay_the_grid_square_5x5_prize_waves,
          minmay_the_grid_square_5x5_prize_deathbox,
          minmay_the_grid_square_5x5_shuriken,
          minmay_the_grid_square_5x5_two_small,
          minmay_the_grid_square_5x5_prize_rear_guard,
          minmay_the_grid_square_5x5_prize_junk,
          minmay_the_grid_square_5x5_mess, minmay_the_grid_square_5x5_z,
          minmay_the_grid_square_5x5_inner_i,
          minmay_the_grid_square_5x5_broken_cross,
          minmay_the_grid_square_5x5_lines], layout_small_grid, uniq_grum,
          uniq_erolcha
D:10:     layout_gridville, serial_shops, shop_coins
D:11:     minmay_wavy_crystal, layout_stronghold, orc_david_3, serial_shops,
          shop, corexii_corridor_pit
D:12:     layout_roguey, special_room [special_room_orc], david_nohive_1,
          hangedman_parallel_progression, uniq_urug, uniq_kirke
D:13:     layout_irregular_city, erik_vaults_1, kennysheep_generic_room_16
D:14:     layout_cave_pools, minmay_between
D:15:     hangedman_depths_entry_try_elsewhere_first, layout_small_grid,
          abandoned_shop, hex_tiny
Temple:   nicolae_temple_god_jail
Lair:1:   layout_gridlike
Lair:2:   layout_regular_city, skrybe_swamp_entry_bodies, eino_house_with_fridge
Lair:3:   layout_regular_city, spider_nest_entry_web_field, minmay_hedge_maze,
          grunt_megastairs_1, infiniplex_staircase_pool,
          minmay_lair_oklob_chamber
Lair:4:   nzn_motion_control, layout_gridlike, gammafunk_ghost_arena
Lair:5:   minmay_lair_venomous_thicket, layout_long_grid, slime_altar_2,
          chequers_serial_rivers_large_a, serial_bayou_pond_e, st_stairs_9,
          lemuel_fruit_tree
Lair:6:   evilmike_catoblepas_cave, layout_misc_corridors
Swamp:1:  layout_falls_marsh, evilmike_swamp_ruin_house_6
Swamp:2:  layout_falls_marsh, evilmike_swamp_ruin_house_2,
          infiniplex_staircase_pool_2
Swamp:3:  layout_basic_swamp, evilmike_swamp_ruin_house_3, swamp_pool1,
          kb_tengu_band
Swamp:4:  swamp_fiery, layout_basic_swamp, swamp_pool1, worms_lemuel
Spider:1: layout_chambers, minmay_another_anthill
Spider:2: layout_spider_delve, uniq_nikola, uniq_agnes
Spider:3: layout_chambers
Spider:4: grunt_spider_rune_circles, uniq_bai_suzhen
Slime:1:  layout_caves
Slime:2:  layout_caves
Slime:3:  layout_caves
Slime:4:  layout_caves
Slime:5
Orc:1:    layout_caves, small_statue_alley_c, elf_legates
Orc:2:    st_orc_mages, layout_caves, basic_altar, serial_shops, shop
Elf:1:    minmay_elf_arrival_circle, layout_gridlike, minmay_elf_demonology,
          uniq_jorgrun
Elf:2:    layout_geoelf_grid, serial_shops, shop, uniq_azrael
Elf:3:    minmay_elf_hall_furrowed, layout_loops_ring, st_stairs_7
Vaults:1: hangedman_vaults_cutoff, nicolae_vaults_yaktaur_gun_rack,
          nicolae_vaults_shelves_hall, ontoclasm_vaults_shuriken, serial_ice_h,
          ontoclasm_vaults_pinch, vaults_dpeg_spiral, ontoclasm_vaults_spin,
          ontoclasm_vaults_decontamination, ontoclasm_vaults_ligature,
          layout_vaults_omnibox, serial_shops, nicolae_shop_stone
Vaults:2: vaults_room_boxed, hangedman_vaults_hat, hangedman_vaults_pinch,
          v_misc_33, nicolae_vaults_windows_and_doors_thing, v_misc_19,
          v_misc_32, serial_ice_g, layout_vaults_big_room, uniq_asterion,
          uniq_margery
Vaults:3: ontoclasm_vaults_idyll, minmay_crypt_entry_simple_round,
          grunt_vaults_swirl, vaults_room_fours, vaults_dpeg_ring,
          nicolae_vaults_little_squares_5, sword_in_stone,
          ontoclasm_vaults_chip, layout_vaults_omnigrid, serial_shops,
          nicolae_shop_waterfront
Vaults:4: vaults_room_octagon, vaults_room_ringed_pool, vaults_standard_mumra_x,
          nicolae_vaults_angled_halls, hangedman_vaults_snaps, v_misc_4,
          ontoclasm_vaults_ring_square, v_misc_24, v_rooms_4, v_misc_27,
          nicolae_vaults_circle_grid_b, nicolae_vaults_little_squares_1,
          layout_vaults_maze_bifur, serial_shops, shop, shop
Crypt:1:  layout_rooms, ebering_ghost_reflecting_pool,
          small_chamber_with_monster, lemuel_dead_fish_pool, st_stairs_11,
          nrook_guardian_serpent_ordinary
Crypt:2:  layout_misc_corridors, minivault_27, uniq_sojobo
Crypt:3:  quadcrypt_mu
Depths:1: layout_cave_shapes, nicolae_abyss_entry_one_way_or_another,
          serial_shops, bzr_entry_dummy, hangedman_coc_ice_floe,
          chequers_big_river, pan_entry, grunt_decor_one_mirror, drop_trap,
          st_stairs_5, grunt_ministairs_2, wad_rectangle_vault, uniq_saint_roka
Depths:2: spriggan_forest, hell_entry, abyss_entry
Depths:3: wad_guarded_room, layout_honeycomb, grunt_decor_arrowhead, hell_entry,
          pan_entry, serial_bayou_shore_b, uniq_enchantress
Depths:4: cheibrodos_lost_city_excavation, layout_cave_pools,
          chequers_serial_rivers_micro_c, abyss_entry, rand_demon_pan_entry_3,
          hell_entry
Depths:5: grunt_zot_entry_alcove, layout_cave_shapes, abyss_entry, hell_entry,
          minmay_stone_trees_small, minmay_guarded_unrand_wrath_of_trog,
          uniq_frederick
Zot:1:    layout_misc_corridors
Zot:2:    layout_basic, zot_minivault_1, lemuel_elevator, grunt_megastairs_5
Zot:3:    layout_cathedral_of_symmetry, ebering_ghost_xom, grunt_megastairs_4
Zot:4:    layout_basic
Zot:5:    layout_concentric_octagons

Skill      XL: |  1  2  3  4  5  6  7  8  9 10 11 12 13 14 15 16 17 18 19 20 21 22 23 24 25 26 |
---------------+-------------------------------------------------------------------------------+-----
Long Blades    | 3 4 5 6 8 9 10 11 12 | 12.7
Armour         | 1 2 3 4 6 7 8 9 10 11 13 14 15 16 17 18 19 20 | 20.5
Fighting       | 4 5 6 7 8 9 10 12 13 14 15 16 17 18 19 20 21 22 23 | 23.9
Invocations    | 2 5 7 9 10 13 15 17 18 | 18.0
Short Blades   | 4 8 10 | 10.0
Shields        | 4 5 7 9 11 12 14 15 | 15.0
Crossbows      | 3 6 9 10 | 10.0
Dodging        | 4 8 10 11 12 13 15 16 17 18 | 18.4
Stealth        | |  1.7

Action                   |  1- 3 |  4- 6 |  7- 9 | 10-12 | 13-15 | 16-18 | 19-21 | 22-24 | 25-27 || total
-------------------------+-------+-------+-------+-------+-------+-------+-------+-------+-------++-------
Melee: Falchion          |    97 |   274 |   374 |       |       |       |       |       |       ||   745
       Short sword       |       |       |    27 |   715 |  1210 |   629 |       |       |       ||  2581
       Battleaxe         |       |       |       |       |    17 |       |       |       |       ||    17
       Long sword        |       |       |       |       |   169 |       |       |       |       ||   169
       Dagger            |       |       |       |       |   104 |       |       |       |       ||   104
       Scimitar          |       |       |       |       |    39 |     8 |       |       |       ||    47
       Demon blade       |       |       |       |       |       |   760 |  1602 |  1830 |   746 ||  4938
 Fire: Hunting sling     |       |     1 |       |       |       |       |       |       |       ||     1
       Hand crossbow     |       |       |       |       |   321 |   425 |   241 |   409 |    50 ||  1446
Throw: Javelin           |    10 |    14 |    24 |    33 |     6 |     3 |       |     5 |       ||    95
       Stone             |       |     9 |    19 |       |       |       |       |       |       ||    28
       Dart              |       |       |       |       |     5 |       |       |       |       ||     5
Invok: Minor Destruction |       |       |     3 |       |       |       |       |       |       ||     3
       Lesser Servant of |       |       |       |    10 |    13 |       |       |       |       ||    23
       Major Destruction |       |       |       |     5 |    14 |       |       |       |       ||    19
       Greater Servant o |       |       |       |       |     4 |    21 |    13 |    20 |     6 ||    64
 Abil: Evoke Flight      |       |       |       |       |     2 |       |       |       |       ||     2
Evoke: Wand              |       |       |       |       |       |       |     2 |     2 |       ||     4
       Phantom mirror    |       |       |       |       |       |       |       |     1 |     2 ||     3
  Use: Scroll            |       |     7 |     3 |    15 |     9 |    15 |    11 |    25 |     3 ||    88
       Potion            |       |       |     1 |       |     5 |     7 |     7 |     6 |     8 ||    34
 Stab: Sleeping          |       |       |       |     7 |     3 |       |       |       |       ||    10
       Distracted        |       |       |       |     3 |     1 |     8 |     4 |     9 |     1 ||    26
       Confused          |       |       |       |       |       |       |       |     1 |       ||     1
  Eat: Chunk             |     2 |     5 |    14 |    25 |    38 |    37 |    38 |    27 |     8 ||   194
       Ration            |       |     1 |     2 |     1 |     1 |     4 |     1 |     6 |     2 ||    18
Armor: Plate armour      |    90 |   198 |    64 |       |    58 |   863 |   194 |   582 |       ||  2049
       Robe              |     1 |       |       |       |       |       |       |       |       ||     1
       Chain mail        |       |       |   148 |    57 |   242 |    44 |   278 |       |       ||   769
       Acid dragon scale |       |       |       |   154 |   201 |       |       |       |       ||   355
       Gold dragon scale |       |       |       |       |       |       |       |    60 |   180 ||   240
Dodge: Dodged            |    33 |    52 |   139 |   333 |   554 |   622 |   640 |   755 |   230 ||  3358
       Deflected         |       |       |       |       |       |    25 |    43 |    17 |       ||    85
Block: Buckler           |       |       |       |       |   336 |   375 |       |       |       ||   711
       Shield            |       |       |       |       |       |    80 |   976 |  1252 |   373 ||  2681
       Rpst.: Falchion   |     7 |    19 |    40 |       |       |       |       |       |       ||    66
       Long sword        |       |       |       |       |    15 |       |       |       |       ||    15
       Scimitar          |       |       |       |       |     2 |       |       |       |       ||     2
       Demon blade       |       |       |       |       |       |    62 |   109 |   129 |    38 ||   338

Table legend:
 A = Non-vault XP
 B = Vault XP
 C = Vault XP percentage of total XP
 D = Non-vault monster count
 E = Vault monster count
 F = Vault count percentage of total count
                 A         B        C        D         E       F
            +---------+---------+-------+---------+---------+-------
      Total |  756811 |  672715 |  47.1 |    1585 |     894 |  36.1
            +---------+---------+-------+---------+---------+-------
        D:1 |      56 |       8 |  12.5 |      17 |       3 |  15.0
        D:2 |      65 |       0 |   0.0 |      22 |       0 |   0.0
        D:3 |     242 |       0 |   0.0 |      27 |       0 |   0.0
        D:4 |     173 |    1372 |  88.8 |      18 |      10 |  35.7
        D:5 |    1072 |       0 |   0.0 |      25 |       0 |   0.0
        D:6 |     862 |     134 |  13.5 |      15 |       5 |  25.0
        D:7 |    1020 |     407 |  28.5 |      22 |       1 |   4.3
        D:8 |    3148 |     461 |  12.8 |      38 |       2 |   5.0
        D:9 |     837 |    6171 |  88.1 |      15 |      38 |  71.7
       D:10 |    2010 |       0 |   0.0 |      33 |       0 |   0.0
       D:11 |    3490 |    1509 |  30.2 |      37 |       6 |  14.0
       D:12 |    2798 |   10357 |  78.7 |      17 |      95 |  84.8
       D:13 |    8475 |    3031 |  26.3 |      38 |       4 |   9.5
       D:14 |    8105 |    3325 |  29.1 |      24 |       6 |  20.0
       D:15 |   14823 |    2348 |  13.7 |      37 |       4 |   9.8
     Temple |      83 |       0 |   0.0 |       2 |       0 |   0.0
     Lair:1 |    4498 |       0 |   0.0 |      22 |       0 |   0.0
     Lair:2 |    2971 |    1465 |  33.0 |      13 |      14 |  51.9
     Lair:3 |    5401 |    2053 |  27.5 |      21 |       6 |  22.2
     Lair:4 |    4801 |    2158 |  31.0 |      12 |       4 |  25.0
     Lair:5 |    2543 |    1519 |  37.4 |      10 |      21 |  67.7
     Lair:6 |   13402 |   11404 |  46.0 |      47 |      23 |  32.9
    Swamp:1 |    3240 |       0 |   0.0 |      14 |       0 |   0.0
    Swamp:2 |    9089 |       0 |   0.0 |      24 |       0 |   0.0
    Swamp:3 |   16416 |    1369 |   7.7 |      44 |       3 |   6.4
    Swamp:4 |    7722 |   15934 |  67.4 |      23 |      32 |  58.2
   Spider:1 |   16480 |    4709 |  22.2 |      58 |      29 |  33.3
   Spider:2 |   15823 |    5444 |  25.6 |      52 |       2 |   3.7
   Spider:3 |    9302 |    1017 |   9.9 |      26 |       3 |  10.3
   Spider:4 |    5366 |   25507 |  82.6 |      15 |      34 |  69.4
    Slime:1 |    4311 |       0 |   0.0 |      10 |       0 |   0.0
    Slime:2 |    3321 |       0 |   0.0 |       2 |       0 |   0.0
    Slime:3 |    6758 |       0 |   0.0 |      22 |       0 |   0.0
    Slime:4 |    9200 |       0 |   0.0 |      13 |       0 |   0.0
    Slime:5 |   13923 |   25687 |  64.8 |      23 |      11 |  32.4
      Orc:1 |    3052 |    4950 |  61.9 |      20 |      13 |  39.4
      Orc:2 |    2888 |    4528 |  61.1 |      26 |      33 |  55.9
      Elf:1 |    8316 |    8232 |  49.7 |      18 |      11 |  37.9
      Elf:2 |   16310 |   24035 |  59.6 |      27 |      37 |  57.8
      Elf:3 |   10452 |   37346 |  78.1 |      20 |      27 |  57.4
   Vaults:1 |   48552 |   11397 |  19.0 |     104 |      17 |  14.0
   Vaults:2 |   30715 |   32815 |  51.7 |      58 |      44 |  43.1
   Vaults:3 |   27161 |   15296 |  36.0 |      59 |      15 |  20.3
   Vaults:4 |   31344 |   13523 |  30.1 |      57 |      14 |  19.7
    Crypt:1 |    9771 |   11825 |  54.8 |      27 |      17 |  38.6
    Crypt:2 |   14051 |    9628 |  40.7 |      25 |       3 |  10.7
    Crypt:3 |       0 |   56136 | 100.0 |       0 |      81 | 100.0
   Depths:1 |   35568 |   14601 |  29.1 |      45 |      25 |  35.7
   Depths:2 |    3778 |   67705 |  94.7 |      14 |     103 |  88.0
   Depths:3 |   39665 |   21646 |  35.3 |      56 |      16 |  22.2
   Depths:4 |   16443 |   11977 |  42.1 |      24 |      15 |  38.5
   Depths:5 |   42024 |   25769 |  38.0 |      45 |      17 |  27.4
      Zot:1 |   39850 |       0 |   0.0 |      25 |       0 |   0.0
      Zot:2 |   18101 |   26936 |  59.8 |       8 |      15 |  65.2
      Zot:3 |   42872 |    5225 |  10.9 |      25 |       2 |   7.4
      Zot:4 |   77816 |       0 |   0.0 |      39 |       0 |   0.0
      Zot:5 |   36256 |  141756 |  79.6 |      25 |      33 |  56.9
            +---------+---------+-------+---------+---------+-------
